 Dungeon Crawl Stone Soup version 0.29.0-15-g675c0067aa (webtiles) character file.

Game seed: 17946476050711743129

24 qw the Shield-Bearer (level 3, 0/23 HPs)
             Began as a Gargoyle Fighter on Sept 12, 2022.
             Slain by a gnoll
             ... wielding a +0 whip
              (5 damage)
             ... on level 2 of the Dungeon.
             The game lasted 00:00:22 (1128 turns).

qw the Shield-Bearer (Gargoyle Fighter)             Turns: 1128, Time: 00:00:22

Health: 0/23       AC: 14    Str: 21    XL:     3   Next: 2%
Magic:  3/3        EV:  7    Int:  8    God:
Gold:   87         SH:  4    Dex:  9    Spells: 2/2 levels left

rFire   + . .      SeeInvis .   Y - +0 war axe
rCold   + . .      Faith    .   c - +0 buckler
rNeg    + . .      Spirit   .   h - +0 chain mail {rF+}
rPois   inf        Reflect  .   (no helmet)
rElec   +          Harm     .   (no cloak)
rCorr   .          Rampage  .   (no gloves)
Will    .....      Clarity  +   (no boots)
Stlth   ..........              (no amulet)
HPRegen 0.07/turn               (no ring)
MPRegen 0.08/turn               (no ring)

@: no status effects
A: sickness immunity, AC +3, negative energy resistance 1, electricity
resistance, torment resistance 1, petrification resistance, iridescent scales 1,
clarity, cold resistance 1
a: no special abilities


You were on level 2 of the Dungeon.
You visited 1 branch of the dungeon, and saw 2 of its levels.

You collected 87 gold pieces.


Innate Abilities, Weirdness & Mutations

You are immune to sickness and miasma.
Your stone body is resilient. (AC +3)
You are immune to poison.
You resist negative energy. (rN+)
You are resistant to electric shocks. (rElec)
You are resistant to unholy torment.
You are immune to petrification.
You are partially covered in iridescent scales. (AC +2)
You possess an exceptional clarity of mind.
Your flesh is cold resistant. (rC+)


   Skills:
 - Level 3.2 Fighting
 + Level 3.1 Axes
 - Level 3.2 Armour
 - Level 3.2 Shields


You had 2 spell levels left.
You didn't know any spells.
Your spell library was empty.

Inventory:

Hand Weapons
 l - a +0 mace
 Y - a +0 war axe (weapon)
Armour
 c - a +0 buckler (worn)
 e - a +0 cloak
 h - a +0 chain mail of fire resistance (worn)
Scrolls
 a - 2 scrolls of identify
Potions
 b - a potion of berserk rage {unknown}
 d - 2 potions of might
 k - a potion of mutation

Dungeon Overview and Level Annotations

Branches:
Dungeon (2/15)

Altars:

Annotations:
D:2 Robin


Message History

You slash the goblin!
You kill the goblin!
You closely miss the goblin. You hit the adder.
Your surroundings suddenly seem different.
A quokka comes into view.
The quokka bites you but does no damage. x2
You slash the quokka!
You kill the quokka!
You have reached level 3!
Your experience leads to an increase in your attributes!
Increase (S)trength, (I)ntelligence, or (D)exterity?
You feel stronger. x2
You start resting.
A gnoll is nearby!
The gnoll shouts!
The gnoll throws a javelin.
The javelin pierces through you!
The gnoll throws a javelin.
The javelin pierces through you but does no damage.
The gnoll throws a javelin.
The javelin barely misses you.
The gnoll throws a javelin.
The javelin barely misses you.
You hit the gnoll but do no damage. The gnoll barely misses you.
The gnoll closely misses you.
You hit the gnoll.
The gnoll is heavily wounded.
The gnoll hits you but does no damage.
You barely miss the gnoll.
The gnoll is heavily wounded.
The gnoll closely misses you.
You hit the gnoll but do no damage.
The gnoll is heavily wounded.
The gnoll barely misses you. x2
The gnoll shouts!
You hit the gnoll.
The gnoll is severely wounded.
You hear a shout!
The gnoll hits you with a +0 whip.
You hit the gnoll.
The gnoll is almost dead.
The gnoll barely misses you. The gnoll hits you with a +0 whip.
You die...

.....##
.....#
#....#
#g...#
#....#
#....+
#..g.#
#..@.#
#.%..#
####.#
.# .#
.# . ..
. .#


You could see 2 gnolls.

Vanquished Creatures
  A dart slug (D:1)
  3 endoplasms (D:1)
  4 goblins
  3 jackals (D:1)
  3 quokkas
  A ball python (D:2)
  A bat (D:1)
  A frilled lizard (D:1)
  2 rats (D:1)
19 creatures vanquished.

Notes
Turn   | Place    | Note
-------+----------+-------------------------------------------
     0 | D:1      | qw the Gargoyle Fighter began the quest for the Orb.
     0 | D:1      | Reached XP level 1. HP: 14/14 MP: 1/1
     0 | D:1      | 0 ||| qw: Version: 0.1-a-119-g272c26d
     0 | D:1      | 0 ||| qw: Game counter: 10820
     0 | D:1      | 0 ||| qw: Always use a shield: true
     0 | D:1      | 0 ||| qw: God list: Okawaru
     0 | D:1      | 0 ||| qw: Allow faded altars: false
     0 | D:1      | 0 ||| qw: Do Orc after D:15 true
     0 | D:1      | 0 ||| qw: Do second Lair branch before Depths: true
     0 | D:1      | 0 ||| qw: Lair rune preference: random
     0 | D:1      | 0 ||| qw: Plans: Normal, Zot, God:TSO, Crypt, Tomb, Pan,
                  | Slime, Hells, Zig, Abyss, Orb
     0 | D:1      | 0 ||| PLANNING D:1-11
    47 | D:1      | Found a faded altar of an unknown god.
    50 | D:1      | 50 ||| Stepping ~*~*~tactically~*~*~ (stealth).
   237 | D:1      | Reached XP level 2. HP: 19/19 MP: 2/2
   367 | D:1      | 367 ||| DROPPING +0 club.
   826 | D:1      | 826 ||| UPGRADING to +0 chain mail of fire resistance.
   836 | D:1      | 836 ||| DROPPING +0 scale mail.
   837 | D:1      | 837 ||| READING 3 scrolls labelled NIUROL SEIKYLO.
   838 | D:1      | 838 ||| READING scroll labelled HYLOTIFITS.
   839 | D:1      | 839 ||| READING 3 scrolls labelled WAHETR SACVOPRALIA.
   843 | D:1      | 843 ||| READING scroll labelled UCORYP GIWO.
   844 | D:1      | 844 ||| DRINKING 2 cyan potions.
   845 | D:1      | 845 ||| DRINKING 2 fuming coppery potions.
   845 | D:1      | Gained mutation: Your flesh is cold resistant. (rC+)
                  | [potion of mutation]
   845 | D:1      | Gained mutation: You possess an exceptional clarity of
                  | mind. [potion of mutation]
   845 | D:1      | Gained mutation: You are partially covered in iridescent
                  | scales. (AC +2) [potion of mutation]
   846 | D:1      | 846 ||| READING 2 scrolls of identify.
   846 | D:1      | 846 ||| IDENTIFYING silvery potion
   847 | D:1      | 847 ||| DROPPING potion of invisibility.
   848 | D:1      | 848 ||| DROPPING potion of degeneration.
   871 | D:2      | Reached skill level 3 in Axes
   907 | D:2      | HP: 4/19 [gnoll/+0 whip (5)]
   908 | D:2      | 908 ||| READING 2 scrolls of teleportation.
   910 | D:2      | Noticed Robin
   911 | D:2      | 911 ||| READING scroll of teleportation.
   916 | D:2      | Reached XP level 3. HP: 4/23 MP: 3/3
  1113 | D:2      | Identified the ring "Cupe" {*Corrode rElec rPois AC+4
                  | Str+2}
  1127 | D:2      | HP: 5/23 [gnoll/+0 whip (6)]
  1128 | D:2      | Slain by a gnoll

Levels and vault maps discovered:
D:1:      dpeg_arrival_erosion, layout_loops_ring,
          hellmonk_ecumenical_altar_lost_god, feat_on_display
D:2:      layout_basic, basic_altar, uniq_jessica, uniq_robin

Skill      XL: |  1  2 |
---------------+-------+-----
Axes           | 2 3 |  3.1
Fighting       | |  3.2
Armour         | |  3.2
Shields        | |  3.2

Action                   || total
-------------------------++-------
Melee: War axe           ||    56
  Use: Scroll            ||     7
       Potion            ||     2
Armor: Scale mail        ||    31
       Chain mail        ||    22
Dodge: Dodged            ||    30
Block: Buckler           ||    14

Table legend:
 A = Non-vault XP
 B = Vault XP
 C = Vault XP percentage of total XP
 D = Non-vault monster count
 E = Vault monster count
 F = Vault count percentage of total count
                 A         B        C        D         E       F
            +---------+---------+-------+---------+---------+-------
      Total |      33 |       2 |   5.7 |      18 |       1 |   5.3
            +---------+---------+-------+---------+---------+-------
        D:1 |      28 |       0 |   0.0 |      15 |       0 |   0.0
        D:2 |       5 |       2 |  28.6 |       3 |       1 |  25.0
            +---------+---------+-------+---------+---------+-------
